 Dungeon Crawl Stone Soup version 0.30-a0-1160-g6e42c06551 (webtiles) character file.

Game seed: 7706891004621960611

77 AleXD21137 the Trooper (level 4, -3/40 HPs)
             Began as a Ghoul Monk on Apr 26, 2023.
             Was an Initiate of Yredelemnul.
             Slain by an iguana (10 damage)
             ... on level 4 of the Dungeon.
             The game lasted 00:07:27 (2120 turns).

AleXD21137 the Trooper (Ghoul Monk)                 Turns: 2120, Time: 00:07:28

Health: -3/40      AC:  2    Str: 14    XL:     4   Next: 33%
Magic:  3/3        EV: 12    Int:  7    God:    Yredelemnul [......]
Gold:   134        SH:  0    Dex: 11    Spells: 3/3 levels left

rFire   . . .        f - +0 long sword
rCold   + . .        j - orb {*channel}
rNeg    + + +        a - +0 robe
rPois   ∞            (no helmet)
rElec   .            (no cloak)
rCorr   .            (no gloves)
SInv    .            (no boots)
Will    .....        h - amulet of magic regeneration
Stlth   +            (no ring)
HPRegen 0.00/turn    (no ring)
MPRegen 0.48/turn

%: channel magic (20%)
@: confused, ambrosia-drunk, inhibited regen
A: claws 1, cold resistance 1, negative energy resistance 3, inhibited
regeneration, torment resistance 2, devour on kill
a: Renounce Religion, Recall Undead Harvest


You were on level 4 of the Dungeon.
You worshipped Yredelemnul.
Yredelemnul was noncommittal.
You visited 1 branch of the dungeon, and saw 4 of its levels.

You collected 134 gold pieces.

Inventory:

Hand Weapons
 f - a +0 long sword (weapon)
Armour
 a - a +0 robe (worn)
 c - an orb of light
 j - an orb of energy (worn)
Jewellery
 h - an amulet of magic regeneration (around neck)
Wands
 l - a wand of polymorph (13)
Scrolls
 d - 2 scrolls of identify
 g - a scroll of immolation {unknown}
 i - a scroll of torment
 k - a scroll of enchant armour {unknown}
Potions
 e - a potion of mutation
 m - a potion of magic {unknown}
 n - a potion of curing {unknown}
 o - a potion of attraction {unknown}


   Skills:
 + Level 3.8 Fighting
 + Level 1.8 Long Blades
 + Level 3.3 Dodging
 + Level 0.1 Stealth
 + Level 3.7 Unarmed Combat


You had 3 spell levels left.
You didn't know any spells.
Your spell library contained the following spells:

 Spells                   Type           Power      Damage    Failure   Level
 Freeze                   Ice            0%         1d3       65%         1
 Frozen Ramparts          Ice            0%         1d1       92%         3
 Hailstorm                Conj/Ice       0%         3d3       92%         3


Dungeon Overview and Level Annotations

Branches:
Dungeon (4/15)
 Temple: D:4-7

Altars:
Makhleb
Yredelemnul


Innate Abilities, Weirdness & Mutations

You are immune to poison.
You have sharp fingernails.
Your flesh is cold resistant. (rC+)
You are immune to negative energy. (rN+++)
You do not regenerate when monsters are visible.
You are immune to unholy pain and torment.
You thrive by killing the living.


Message History

You kill the ball python!
The dead are slithering!
There is an open door here.
Found 6 stones.
An iguana comes into view.
The iguana hisses angrily.
You see here 6 stones.
The iguana bites you!
You barely miss the iguana.
The iguana bites you but does no damage.
You hit the iguana.
The iguana is lightly wounded.
The iguana bites you! The iguana barely misses you.
You hit the iguana but do no damage.
The iguana is lightly wounded.
The iguana closely misses you.
You hit the iguana.
The iguana is moderately wounded.
The iguana barely misses you.
You hit the iguana.
The iguana is heavily wounded.
The iguana bites you but does no damage.
You closely miss the iguana.
The iguana is heavily wounded.
The iguana closely misses you. The iguana bites you!
You closely miss the iguana.
The iguana is moderately wounded.
The iguana bites you!
* * * LOW HITPOINT WARNING * * *
You hit the iguana.
The iguana is heavily wounded.
The iguana completely misses you.
You hit the iguana.
The iguana is heavily wounded.
The iguana barely misses you. x2
Unknown command.
You are confused.
You feel invigorated. The iguana bites you!
You die...
Yredelemnul claims you as an undead slave.

#.# #.# #.#
#.# #.. #.#
#l# #@#
#####Z#
###....(#
###...#####
#...#...#
#.#'###'#
#.#..§..#
#.#§§§§§#
#.#§§§.§###


You could see an iguana (ally target) and a friendly ball python zombie.

Vanquished Creatures
  3 adders
  2 worms (D:3)
  4 dart slugs
  4 ball pythons
  An endoplasm (D:2)
  2 giant cockroaches
  6 goblins
  5 hobgoblins
  2 bats
  A frilled lizard (D:3)
  4 kobolds
  4 rats
38 creatures vanquished.

Notes
Turn   | Place    | Note
-------+----------+-------------------------------------------
     0 | D:1      | AleXD21137 the Ghoul Monk began the quest for the Orb.
     0 | D:1      | Reached XP level 1. HP: 19/19 MP: 0/0
    74 | D:1      | Reached XP level 2. HP: 26/26 MP: 1/1
   832 | D:2      | Found a burning altar of Makhleb.
   846 | D:2      | Became a worshipper of Makhleb the Destroyer
   846 | D:2      | Reached * piety under Makhleb
   846 | D:2      | Reached ** piety under Makhleb
   939 | D:2      | Reached XP level 3. HP: 25/31 MP: 2/2
  1502 | D:3      | Reached skill level 1 in Long Blades
  1692 | D:3      | Reached XP level 4. HP: 26/40 MP: 3/3
  2063 | D:4      | Found a basalt altar of Yredelemnul.
  2071 | D:4      | Fell from the grace of Makhleb
  2071 | D:4      | Became a worshipper of Yredelemnul the Dark
  2120 | D:4      | Slain by an iguana

Illustrated notes

Levels and vault maps discovered:
D:1:      mrwooster_arrival_statue_2, layout_basic
D:2:      layout_loops_ring, basic_altar
D:3:      layout_loops_ring
D:4:      layout_rooms, mainiacjoe_overflow_six_doors_small, uniq_eustachio

Skill      XL: |  1  2  3 |
---------------+----------+-----
Dodging        | 3 |  3.3
Long Blades    | 1 |  1.8
Fighting       | |  3.8
Stealth        | |  0.1
Unarmed Combat | |  3.7

Action                     |  1- 3 |  4- 6 || total
---------------------------+-------+-------++-------
  Melee: Unarmed           |    17 |       ||    17
         Long sword        |    65 |    29 ||    94
    Use: Scroll            |     2 |       ||     2
         Potion            |       |     1 ||     1
 Armour: Robe              |    23 |     6 ||    29
  Dodge: Dodged            |    74 |    16 ||    90

Table legend: (Time is in decaauts)
 A = Elapsed time spent in this place.
 B = Non-inter-level travel time spent in this place.
 C = Inter-level travel time spent in this place.
 D = Time resting spent in this place.
 E = Time spent auto-exploring this place.
 F = Levels seen in this place.
 G = Mean time per level.
                   A        B        C        D        E       F      G
               +--------+--------+--------+--------+--------+-----+--------+
         Total |   2152 |   2098 |     54 |      0 |   1125 |   4 |  538.0 |
       Dungeon |   2152 |   2098 |     54 |      0 |   1125 |   4 |  538.0 |
               +--------+--------+--------+--------+--------+-----+--------+

Top non-repeatable levels by time:
     D:2: 784 daAuts
     D:3: 715 daAuts
     D:1: 568 daAuts
     D:4: 83 daAuts
